Map: Washout LE

Players

Lando - Winner!

  • Race: Terran Terran
  • League: Platinum
  • Spawn Location: 7:00

RataNegraa

  • Race: Protoss Protoss
  • League: Platinum
  • Spawn Location: 1:00

VOD

Have the link to the VOD?

Description

Time

  • Played on: July 23, 2026, 7:18 p.m.
  • Length: 14:21
Show
View Real Time Build Order
Export as new Build Order

Lando Terran - Winner!

Build Orders:  

Get SALT Encoding   

  8  0:00  SCV  
  9  0:12  SCV  
  10  0:24  SCV  
  11  0:28  Supply Depot  
  11  0:37  SCV  
  12  0:49  SCV  
  13  0:55  Barracks  
  13  1:01  SCV  
  13  1:21  SCV  
  14  1:35  Command Center  
  14  1:39  SCV  
  15  1:46  Marine  
  16  1:51  SCV  
  17  2:03  Orbital Command  
  17  2:06  Marine  
  18  2:12  Supply Depot  
  18  2:31  SCV  
  18  2:36  Barracks, Refinery  
  19  2:42  Marine  
  19  2:43  SCV  
  21  2:52  Bunker  
  21  2:55  Orbital Command  
  21  2:59  SCV  
  21  3:13  SCV  
  21  3:14  Marine  
  23  3:26  Command Center, Barracks Tech Lab  
  23  3:30  SCV  
  23  3:31  SCV  
  25  3:41  Marine  
  25  3:48  Barracks, SCV  
  26  3:49  SCV  
  28  4:00  SCV  
  28  4:01  SCV  
  30  4:06  Marine  
  30  4:07  Marine  
  30  4:13  SCV x2  
  31  4:25  SCV x2  
  33  4:37  Barracks Reactor, SCV x2  
  35  4:43  Refinery  
  35  4:46  Marauder  
  35  4:49  SCV x2, Barracks Reactor  
  39  5:01  SCV x2, Supply Depot  
  39  5:02  Orbital Command  
  39  5:06  Supply Depot  
  41  5:09  Concussive Shells  
  41  5:13  SCV x2  
  43  5:22  Engineering Bay  
  43  5:24  Engineering Bay  
  43  5:25  Factory, SCV x2  
  45  5:32  SCV  
  45  5:33  Supply Depot  
  45  5:35  Supply Depot  
  46  5:36  Supply Depot  
  46  5:37  SCV x2  
  50  5:43  Marine x2, Marauder  
  50  5:44  Marine x2  
  54  5:55  Refinery, SCV x3  
  57  5:57  Refinery  
  59  6:04  Marauder  
  59  6:07  Terran Infantry Weapons Level 1, Terran Infantry Armor Level 1, SCV x3  
  62  6:19  SCV x2  
  62  6:20  SCV  
  65  6:27  Refinery  
  65  6:29  Refinery  
  65  6:31  SCV  
  65  6:32  SCV x2  
  68  6:35  Barracks  
  68  6:37  Starport, Supply Depot, Marine x2  
  68  6:38  Marauder, Barracks  
  68  6:39  Supply Depot  
  72  6:43  SCV  
  72  6:44  SCV x2  
  74  6:56  SCV x3, Marine x2  
  74  6:57  Marine  
  74  7:00  Marauder  
  82  7:08  SCV x3  
  85  7:13  Factory Tech Lab  
  85  7:14  Starport Reactor  
  85  7:20  SCV x3, Marine x2  
  85  7:21  Armory, Marauder  
  92  7:25  Supply Depot  
  92  7:27  Supply Depot  
  92  7:28  Supply Depot  
  92  7:29  Barracks Tech Lab x2  
  92  7:35  Siege Tank  
  92  7:36  Marine x2  
  97  7:38  Marine  
  98  7:50  SCV  
  98  7:51  SCV x2  
  101  7:52  Command Center  
  101  7:53  Marauder x3, Marine x2  
  101  7:54  Medivac x2  
  113  7:59  Stimpack  
  113  8:00  Combat Shield  
  113  8:02  SCV  
  113  8:03  SCV x2  
  116  8:07  Marine  
  116  8:08  Marine  
  116  8:10  Siege Tank  
  116  8:11  Marine  
  122  8:14  Marauder x3  
  122  8:16  Terran Infantry Weapons Level 2, Terran Infantry Armor Level 2  
  122  8:18  Terran Vehicle Weapons Level 1  
  128  8:27  Marine x3  
  128  8:29  Marine  
  131  8:35  Marauder  
  131  8:36  Marauder, Marine  
  110  8:58  Marauder x3, Marine x4  
  110  8:59  Siege Tank  
  110  9:00  Medivac x2  
  121  9:15  Marine  
  121  9:16  Marine x3  
  125  9:18  Command Center, Marine  
  125  9:22  Supply Depot  
  125  9:23  Marauder x2, Supply Depot  
  130  9:26  Supply Depot  
  130  9:32  Supply Depot  
  130  9:33  Supply Depot x3, Marine x4  
  134  9:43  Marine  
  134  9:44  Marine, Medivac x2, Siege Tank, Marauder  
  145  9:51  SCV x3, Marine x4  
  152  10:02  Marauder x2  
  152  10:05  Marine  
  157  10:10  Marine x3  
  157  10:11  Marine, Supply Depot x2  
  161  10:23  Marauder x3  
  161  10:28  Marine x2  
  141  10:44  Marauder  
  141  10:45  Marauder x2  
  141  10:46  Marine x4  
  134  11:06  Marine x4, Marauder x3  
  139  11:23  Marine  
  139  11:24  Marine x3  
  143  11:25  Siege Tank  
  143  11:26  Medivac x2  
  143  11:27  Marauder x2  
  143  11:28  Marauder  
  156  11:37  Terran Infantry Weapons Level 3, Terran Infantry Armor Level 3  
  156  11:38  Terran Vehicle Weapons Level 2  
  156  11:41  SCV x3  
  159  11:49  Marauder  
  161  11:55  Refinery  
  161  11:56  Refinery  
  124  12:13  Medivac x2  
  124  12:14  Siege Tank  
  124  12:15  Marine x7  
  129  12:32  Marine  
  129  12:33  Marine x4  
  134  12:42  Marauder x2  
  138  12:44  Planetary Fortress  
  137  12:52  Marauder  
  137  12:53  Command Center  
  135  13:01  Marine x2  
  135  13:02  Marine x2, Siege Tank  
  135  13:03  Marauder x2  
  146  13:13  Marauder  
  146  13:14  Medivac x2  
  146  13:19  Marine x4  
  154  13:24  Marauder  
  158  13:34  Marine, Marauder  
  158  13:37  Marine x4  
  165  13:41  Siege Tank  
  165  13:46  Marauder  
  170  13:52  Marine  
  170  13:55  Marine x4  
  180  13:56  Marauder  
  185  14:10  Command Center  
  185  14:11  Command Center x3  
  185  14:12  Missile Turret  
  185  14:16  Missile Turret  
Show
View Real Time Build Order
Export as new Build Order

RataNegraa Protoss 

Build Orders:  

Get SALT Encoding   

  8  0:00  Probe (Chrono Boost)  
  9  0:13  Probe (Chrono Boost)  
  10  0:19  Probe (Chrono Boost)  
  11  0:28  Probe  
  12  0:36  Pylon  
  12  0:40  Probe  
  13  0:55  Gateway  
  13  0:58  Probe  
  14  1:08  Pylon  
  14  1:16  Probe (Chrono Boost)  
  14  1:18  Assimilator  
  14  1:28  Probe (Chrono Boost)  
  15  1:37  Probe (Chrono Boost)  
  16  1:48  Cybernetics Core  
  16  1:49  Probe  
  17  2:09  Nexus  
  17  2:14  Pylon  
  17  2:24  Stalker (Chrono Boost)  
  19  2:32  Assimilator, Warp Gate  
  19  2:36  Probe  
  20  2:48  Stalker (Chrono Boost), Probe  
  23  3:00  Probe  
  24  3:20  Twilight Council  
  24  3:23  Gateway  
  24  3:28  Probe, Shield Battery  
  25  3:44  Probe x2  
  27  3:56  Probe x2  
  29  4:08  Probe x2  
  31  4:13  Blink (Chrono Boost)  
  29  4:20  Probe x2  
  29  4:32  Gateway, Probe  
  29  4:34  Probe, Gateway  
  31  4:40  Shield Battery  
  31  4:50  Probe x2  
  33  4:53  Stalker  
  35  5:02  Probe x2  
  35  5:05  Stalker  
  39  5:14  Probe x2  
  41  5:28  Pylon  
  41  5:38  Pylon  
  41  5:42  Probe, Pylon  
  42  5:46  Probe  
  42  5:48  Pylon  
  43  5:56  Charge (Chrono Boost)  
  43  5:59  Forge  
  43  6:06  Stalker  
  43  6:07  Stalker x3  
  51  6:16  Gateway  
  51  6:17  Gateway  
  51  6:19  Gateway  
  51  6:28  Pylon  
  51  6:29  Protoss Ground Weapons Level 1 (Chrono Boost)  
  51  6:43  Nexus  
  51  6:44  Shield Battery  
  51  6:49  Shield Battery  
  51  7:07  Zealot x4  
  59  7:19  Zealot, Pylon  
  59  7:20  Zealot x2  
  65  7:30  Assimilator x2  
  65  7:33  Templar Archives  
  65  7:35  Forge  
  65  7:38  Gateway  
  65  7:40  Gateway  
  65  7:42  Pylon  
  65  7:43  Zealot x4  
  73  7:44  Pylon  
  73  7:48  Probe x2  
  75  7:51  Assimilator  
  75  7:56  Assimilator  
  75  8:00  Probe  
  76  8:06  Zealot x4  
  76  8:09  Zealot  
  62  8:50  Psionic Storm, Protoss Ground Armor Level 1 (Chrono Boost), Protoss Ground Weapons Level 2 (Chrono Boost)  
  62  8:59  Zealot x7  
  66  9:13  Shield Battery  
  66  9:15  Probe x3  
  66  9:16  Photon Cannon  
  69  9:20  Stalker  
  71  9:27  Probe (Chrono Boost)  
  74  9:32  Probe x2 (Chrono Boost)  
  74  9:38  High Templar, Probe (Chrono Boost)  
  77  9:41  Probe (Chrono Boost)  
  77  9:42  Probe (Chrono Boost)  
  77  9:43  Probe (Chrono Boost)  
  80  9:51  Nexus, Probe  
  81  9:53  Probe  
  81  9:54  Probe, Pylon  
  81  9:56  Pylon  
  81  9:58  High Templar x2  
  87  10:03  Probe  
  87  10:05  Probe  
  87  10:06  Probe  
  90  10:07  Zealot x5  
  90  10:08  Zealot  
  102  10:14  Shield Battery  
  102  10:18  Probe x3, Shield Battery  
  105  10:28  Shield Battery  
  97  10:30  Probe x3  
  97  10:35  Zealot x5  
  90  10:42  Probe  
  73  10:45  High Templar  
  73  10:47  Zealot x3  
  67  10:59  Zealot x3  
  67  11:00  Zealot x2  
  52  11:25  High Templar x3  
  58  11:26  Zealot  
  58  11:27  Zealot x5  
  69  11:49  Zealot  
  69  11:50  Zealot x5  
  65  12:13  Zealot  
  65  12:14  Zealot x8  
  71  12:52  Nexus  
  71  12:57  Archon  
  59  13:03  High Templar x9  
  69  13:08  Archon x3  
  69  13:09  Archon  
  69  13:17  Shield Battery  
  69  13:39  Zealot x9  
  85  14:10  Nexus, Pylon  
Tags
 
Add a new tag
Caveats
  • Supply blocks, unpowered buildings, or Contaminate may cause inaccurate times.
  • Supply counts are checked every 10 seconds.